 Dungeon Crawl Stone Soup version 0.20.1-1-g8b1a95d (webtiles) character file.

46 polve the Slasher (level 3, 0/29 HPs)
             Began as a Demonspawn Abyssal Knight on July 6, 2017.
             Was a Follower of Lugonu.
             Slain by an adder (1 damage)
             ... on level 2 of the Dungeon.
             The game lasted 00:02:16 (2939 turns).

polve the Slasher (Demonspawn Abyssal Knight)       Turns: 2939, Time: 00:02:16

Health: 0/29       AC:  5    Str: 12    XL:     3   Next: 46%
Magic:  11/13      EV: 11    Int: 13    God:    Lugonu [*.....]
Gold:   75         SH:  0    Dex: 13    Spells: 2/2 levels left

rFire    . . .     SeeInvis .   a - +1 falchion
rCold    . . .     Gourm    .   (no shield)
rNeg     . . .     Faith    .   b - +0 leather armour
rPois    .         Spirit   .   (no helmet)
rElec    .         Reflect  .   (no cloak)
rCorr    .         Harm     .   (no gloves)
MR       .....                  (no boots)
Stlth    ++........             (no amulet)
Regen    0.1/turn               f - ring of magical power
MPRegen  0.2/turn               (no ring)

@: lethally poisoned (0 -> -6)
A: iridescent scales 1, low mp 1, nightstalker 1
a: Depart the Abyss, Renounce Religion


You were on level 2 of the Dungeon.
You worshipped Lugonu.
Lugonu was aware of your devotion.
You were not hungry.

You visited 1 branch of the dungeon, and saw 2 of its levels.
You visited the Abyss 1 time.

You collected 75 gold pieces.

Inventory:

Hand Weapons
 a - a +1 falchion (weapon)
 m - a +0 rapier
Armour
 b - a +0 leather armour (worn)
Jewellery
 f - a ring of magical power (left hand)
Scrolls
 d - a scroll of remove curse {unknown}
 e - 2 scrolls of enchant weapon {unknown}
 h - a scroll of teleportation {unknown}
 i - 2 scrolls of identify {unknown}
Potions
 g - a potion of brilliance {unknown}
 j - a potion of resistance {unknown}
 l - a potion of curing {unknown}
Comestibles
 c - a bread ration
 k - a meat ration


   Skills:
 - Level 3.0 Fighting
 + Level 3.5 Long Blades
 - Level 1.7 Armour
 - Level 0.8 Dodging
 - Level 2.4 Invocations


You had 2 spell levels left.
You didn't know any spells.

Dungeon Overview and Level Annotations

Branches:
Dungeon (2/15)

Altars:


Innate Abilities, Weirdness & Mutations

You are partially covered in iridescent scales. (AC +2)
You are slightly more attuned to the shadows.
Your magical capacity is low. (-10% MP)


Message History

You barely miss the adder.
The adder is lightly wounded.
You barely miss the adder.
The adder is lightly wounded.
The adder bites you.
* * * LOW HITPOINT WARNING * * *
You are more poisoned.
The adder poisons you! The adder bites you.
* * * LOW HITPOINT WARNING * * *
You hit the adder.
The adder is moderately wounded.
* * * LOW HITPOINT WARNING * * *
You feel sick. The adder bites you.
* * * LOW HITPOINT WARNING * * *
You closely miss the adder.
The adder is moderately wounded.
The adder closely misses you.
You riposte.
You hit the adder.
The adder is severely wounded.
The adder bites you.
You die...

.#.
#....≈P≈P≈≈.....
#
#.≈♣≈≈≈≈≈≈≈≈♣###
###..≈≈≈≈≈≈≈≈≈..
#....≈≈≈P≈≈≈≈≈.#
#.#..≈≈.≈≈≈≈≈P.#
#.#..#♣..P..P..
# #....†..(...
..#.####........
#?....@S.##.#...
#...###### # #.


You could see an adder.

Vanquished Creatures
  2 adders (D:2)
  A worm (D:2)
  A ball python (D:1)
  A giant cockroach (D:2)
  4 goblins
  3 hobgoblins
  2 jackals (D:2)
  A quokka (D:2)
  A bat (D:1)
  A frilled lizard (D:1)
  3 kobolds (D:1)
  5 rats
25 creatures vanquished.

Notes
Turn   | Place    | Note
-------+----------+-------------------------------------------
     0 | Abyss:1  | polve the Demonspawn Abyssal Knight began the quest for the Orb.
     0 | Abyss:1  | Reached XP level 1. HP: 18/18 MP: 2/2
   136 | Abyss:1  | Found a corrupted altar of Lugonu.
   288 | Abyss:1  | Found a corrupted altar of Lugonu.
   388 | Abyss:1  | Noticed an ancient zyme
   409 | Abyss:1  | Found a corrupted altar of Lugonu.
   426 | Abyss:1  | Noticed a neqoxec
   432 | Abyss:1  | Gained mutation: Your magical capacity is low. (-10% MP) [a neqoxec]
   434 | D:1      | Escaped the Abyss
  1345 | D:1      | Gained mutation: You are slightly more attuned to the shadows. [demonic ancestry]
  1345 | D:1      | Reached XP level 2. HP: 6/24 MP: 3/3
  2163 | D:2      | Reached * piety under Lugonu
  2404 | D:2      | Gained mutation: You are partially covered in iridescent scales. (AC +2) [demonic ancestry]
  2404 | D:2      | Reached XP level 3. HP: 16/29 MP: 4/4
  2938 | D:2      | HP: 1/29 [adder (2)]
  2939 | D:2      | Slain by an adder

Skill      XL: |  1  2 |
---------------+-------+-----
Long Blades    | 2 3 |  3.5
Fighting       | |  3.0
Armour         | |  1.7
Dodging        | |  0.8
Invocations    | |  2.4

Action                   || total
-------------------------++-------
Melee: Falchion          ||   110
Invok: Depart the Abyss  ||     1
 Stab: Sleeping          ||     1
  Eat: Chunk             ||     6
Armor: Leather armour    ||    26
Dodge: Dodged            ||    78
       Rpst.: Falchion   ||    22
